cohdb
Replays
Latest Replays
All Replays
Popular Replays
Top Player Replays
Match Explorer
How It Works
Community
CoH3 Stats
Reddit
Sign in to upload your games and track your stats! →
Sign in with Steam
Insane USF vs Wehr Coastal/Flak Comeback
Match 35186745
Overview
Messages
Build Orders
End
Pioneer Squad
Construct Infanterie Kompanie
Selects Italian Coastal Battlegroup
Selects Coastal Reserves
Coastal Reserve
Coastal Reserve
Coastal Reserve
Construct Infanterie Kompanie
Construct Luftwaffe Kompanie
Medical Bunker
Flak 30 Anti-aircraft Gun Team
Luftwaffe Officer Quarters
Flak 30 Anti-aircraft Gun Team
Selects Artillery Officer
Selects Support Bunkers
Flak 30 Anti-aircraft Gun Team
Anti-tank Bunker
Flak 30 Anti-aircraft Gun Team
Artillery Officer
Flak 30 Anti-aircraft Gun Team
Selects Rapid Fortifications
Construct Panzer Kompanie
Selects Bulwark
Selects Coastal Wall
Panzer IV Medium Tank
Flak 30 Anti-aircraft Gun Team
Artillery Officer
Panzer IV Medium Tank
Rapid Fortifications
Repair Bunker
Flak 30 Anti-aircraft Gun Team
Rapid Fortifications
Rapid Fortifications
Panzer IV Medium Tank
Anti-tank Bunker
Artillery Officer
Rapid Fortifications
MG 42 Bunker
Sturmpanzer IV Brummbär
Rapid Fortifications
Repair Bunker
Artillery Officer
Coastal Reserve
Panzer IV Medium Tank
Panzer IV Medium Tank
.:PSG:. RedxWings
MasterStef
0
0
Comments
sign in to comment!
No comments posted yet!